 Dungeon Crawl Stone Soup version 0.25-a0-277-g7046ed1b37 (webtiles) character file.

Game seed: 2172220160403219547, levelgen mode: deterministic

10 MoonlitKnight the Vexing (level 2, -5/15 HPs)
             Began as a Deep Elf Enchanter on Dec 9, 2019.
             Slain by a hobgoblin
             ... wielding a +0 club
              (6 damage)
             ... on level 1 of the Dungeon.
             The game lasted 00:03:02 (615 turns).

MoonlitKnight the Vexing (Deep Elf Enchanter)        Turns: 615, Time: 00:03:02

Health: -5/15      AC:  4    Str:  5    XL:     2   Next: 10%
Magic:  6/8        EV: 12    Int: 19    God:
Gold:   26         SH:  0    Dex: 15    Spells: 4/7 levels left

rFire    + + .     SeeInvis .   a - +1 dagger
rCold    x . .     Gourm    .   (no shield)
rNeg     . . .     Faith    .   e - +1 leather armour {rF+}
rPois    .         Spirit   .   (no helmet)
rElec    .         Reflect  .   (no cloak)
rCorr    .         Harm     .   (no gloves)
MR       .....                  (no boots)
Stlth    +++.......             (no amulet)
HPRegen  0.05/turn              h - ring of stealth
MPRegen  0.11/turn              c - ring of fire

@: very slightly contaminated
A: no striking features
a: no special abilities


You were on level 1 of the Dungeon.
You were not hungry.

You visited 1 branch of the dungeon, and saw 1 of its levels.

You collected 26 gold pieces.

Inventory:

Hand Weapons
 a - a +1 dagger (weapon)
Armour
 b - a +0 robe
 e - a +1 leather armour of fire resistance (worn)
Jewellery
 c - a ring of fire (right hand)
 h - a ring of stealth (left hand)
Scrolls
 g - a scroll of remove curse {unknown}
Comestibles
 d - 2 rations
 f - a chunk of flesh


   Skills:
 - Level 1.0 Short Blades
 - Level 2.4 Dodging
 - Level 3.6 Stealth
 - Level 3.0 Spellcasting
 - Level 4.9 Hexes
 + Level 0.0 Ice Magic


You had 4 spell levels left.
You knew the following spells:

 Your Spells              Type           Power        Failure   Level  Hunger
a - Corona                Hex            ###....      3%          1    None
b - Ensorcelled Hibernat  Hex/Ice        ##....       14%         2    ##.....

Your spell library contained the following spells:

 Spells                   Type           Power        Failure   Level  Hunger
 Confuse                  Hex            ###.....     10%         3    ###....
 Tukima's Dance           Hex            ###.....     10%         3    ###....
 Dazzling Flash           Conj/Hex       ##....       28%         3    ###....


Dungeon Overview and Level Annotations

Branches:
Dungeon (1/15)

Altars:


Message History

The leopard gecko closely misses you. The goblin completely misses you.
You barely miss the leopard gecko.
The leopard gecko is moderately wounded.
The leopard gecko hisses menacingly.
The leopard gecko bites you.
The hobgoblin hits you but does no damage.
You hit the leopard gecko.
The leopard gecko is severely wounded.
The leopard gecko completely misses you.
The goblin hits you with a +0 club. The leopard gecko bites you.
The hobgoblin hits you but does no damage.
Your leather armour prevents you from hitting the leopard gecko.
The leopard gecko is severely wounded.
The hobgoblin hits you with a +0 club.
* * * LOW HITPOINT WARNING * * *
The leopard gecko closely misses you. The goblin hits you but does no damage.
You completely miss the leopard gecko.
The leopard gecko is severely wounded.
The hobgoblin barely misses you. The hobgoblin hits you with a +0 club.
You die...

.............>...♣.P♣♣.#
.................♣.♣♣♣.#
.................♣..♣♣.#
...........#.....♣♣.♣
.......##...........#
................#####
.............#..#
.....##...#....l######.#
.............#.g@......#
...............gg.###..#
#.....................
##.................###
.##..............P..P.
..##.............♣..PP
⌠..##.........[......♣
....##.........P♣...PP
...⌠.##........P♣♣P..♣


You could see a leopard gecko, 2 hobgoblins and a goblin.

Vanquished Creatures
  A ball python (D:1)
  2 giant cockroaches (D:1)
  2 goblins (D:1)
  A hobgoblin (D:1)
  2 frilled lizards (D:1)
  A rat (D:1)
9 creatures vanquished.

Notes
Turn   | Place    | Note
-------+----------+-------------------------------------------
     0 | D:1      | MoonlitKnight the Deep Elf Enchanter began the quest for
                  | the Orb.
     0 | D:1      | Reached XP level 1. HP: 10/10 MP: 6/6
   486 | D:1      | Reached XP level 2. HP: 15/15 MP: 6/8
   513 | D:1      | Learned a level 2 spell: Ensorcelled Hibernation
   615 | D:1      | Slain by a hobgoblin

Levels and vault maps discovered:
D:1:      dpeg_arrival_lava_temple_mockup, layout_rooms, serial_forest,
          infiniplex_forest_zigzag_1, infiniplex_forest_clump_curved,
          infiniplex_forest_zigzag_1, infiniplex_forest_clump_C,
          infiniplex_forest_lined_1

Action                   || total
-------------------------++-------
Melee: Dagger            ||    51
 Cast: Corona            ||     7
       Ensorcelled Hiber ||     2
Armor: Robe              ||     5
       Leather armour    ||    13
Dodge: Dodged            ||    41

Table legend:
 A = Non-vault XP
 B = Vault XP
 C = Vault XP percentage of total XP
 D = Non-vault monster count
 E = Vault monster count
 F = Vault count percentage of total count
                 A         B        C        D         E       F
            +---------+---------+-------+---------+---------+-------
      Total |      15 |       0 |   0.0 |       9 |       0 |   0.0
            +---------+---------+-------+---------+---------+-------
        D:1 |      15 |       0 |   0.0 |       9 |       0 |   0.0
            +---------+---------+-------+---------+---------+-------
